 Dungeon Crawl Stone Soup version 0.28.0-53-g5a82cb258f (webtiles) character file.

Game seed: 16267100679921438007

345 LustLizard the Sneak (level 6, -1/28 HPs)
             Began as a Spriggan Enchanter on June 29, 2022.
             Was an Initiate of Dithmenos.
             Slain by a sickly merfolk siren
             ... wielding a +0 spear
              (18 damage)
             ... in a sewer.
             The game lasted 00:18:16 (5503 turns).

LustLizard the Sneak (Spriggan Enchanter)           Turns: 5503, Time: 00:18:17

Health: -1/28      AC:  2    Str:  6    XL:     6   Next: 32%
Magic:  7/14       EV: 17    Int: 16    God:    Dithmenos [......]
Gold:   198        SH:  0    Dex: 16    Spells: 10/15 levels left

rFire   . . .      SeeInvis +   n - +3 dagger
rCold   . . .      Faith    .   (no shield)
rNeg    . . .      Spirit   .   b - +0 robe
rPois   .          Reflect  .   (helmet restricted)
rElec   .          Harm     .   (no cloak)
rCorr   .          Rampage  .   (gloves unavailable)
Will    +....                   (boots unavailable)
Stlth   ++........              (no amulet)
HPRegen 0.09/turn               (no ring)
MPRegen 0.14/turn               (no ring)

@: slow
A: very small, no large weapons, unfitting armour, see invisible, speed 3
a: Renounce Religion


You were in a sewer.
You worshipped Dithmenos.
Dithmenos was noncommittal.
You visited 1 branch of the dungeon, and saw 4 of its levels.
You also visited: Sewer.

You collected 198 gold pieces.

Inventory:

Hand Weapons
 a - a +1 dagger
 n - a +3 dagger (weapon)
Missiles
 d - 29 stones (quivered)
 r - 2 atropa-tipped darts
Armour
 b - a +0 robe (worn)
 t - a +0 buckler
Wands
 p - a wand of polymorph (5)
Scrolls
 e - a scroll of noise {unknown}
 h - 2 scrolls of fear {unknown}
 i - a scroll of blinking {unknown}
 j - 3 scrolls of teleportation
 k - 4 scrolls of identify {unknown}
 l - a scroll of immolation {unknown}
Potions
 c - 2 potions of invisibility
 f - 2 potions of brilliance {unknown}
 g - a potion of resistance {unknown}
 m - a potion of degeneration {unknown}
 o - a potion of might {unknown}
 q - a potion of berserk rage {unknown}
 s - 2 potions of curing {unknown}


   Skills:
 + Level 2.6 Short Blades
 - Level 2.6 Dodging
 * Level 6.9 Stealth
 * Level 5.0 Spellcasting
 * Level 5.5 Hexes


You had 10 spell levels left.
You knew the following spells:

 Your Spells              Type           Power      Damage    Failure   Level
a - Ensorcelled Hibernat  Hex/Ice        24%        N/A       8%          2
b - Tukima's Dance        Hex            21%        N/A       4%          3

Your spell library contained the following spells:

 Spells                   Type           Power      Damage    Failure   Level
 Confusing Touch          Hex            21%        N/A       4%          3
 Dazzling Flash           Conj/Hex       24%        N/A       14%         3


Dungeon Overview and Level Annotations

Branches:
Dungeon (4/15)              Sewer (1/1)
 Temple: D:4-7

Altars:
Dithmenos
Hepliaklqana
Wu Jian

Shops:
D:4 (

Annotations:
D:3 Grinder


Innate Abilities, Weirdness & Mutations

You are very small and have problems with some larger weapons.
You are too small for most types of armour.
You have supernaturally acute eyesight. (SInv)
You cover ground extremely quickly. (Speed+++)


Message History

You resist with almost no effort.
The sickly merfolk siren chants a haunting song.
You are mesmerised by the sickly merfolk siren!
You cannot move away from the sickly merfolk siren!
The sickly merfolk siren chants its luring song.
The sickly merfolk siren chants its luring song.
You hear an angry hiss.
The sickly merfolk siren chants its luring song.
You are no longer entranced.
You see here a rat corpse.
Casting: Ensorcelled Hibernation (safe; 8% risk of failure)
Confirm with . or Enter, or press ? or * to list all spells.
Aiming: Ensorcelled Hibernation (safe; 8% risk of failure)
Press: ? - help, Shift-Dir - straight line, f - sickly merfolk siren
Aim: a sickly merfolk siren, wielding a +0 spear (water, chance to affect: 15%)
The sickly merfolk siren resists with almost no effort.
The sickly merfolk siren misses you.
Casting: Ensorcelled Hibernation (safe; 8% risk of failure)
Confirm with . or Enter, or press ? or * to list all spells.
Aiming: Ensorcelled Hibernation (safe; 8% risk of failure)
Press: ? - help, Shift-Dir - straight line, f/p - sickly merfolk siren
Aim: a sickly merfolk siren, wielding a +0 spear (water, chance to affect: 15%)
The sickly merfolk siren resists with almost no effort.
The sickly merfolk siren chants a haunting song.
You resist.
Casting: Ensorcelled Hibernation (safe; 8% risk of failure)
Confirm with . or Enter, or press ? or * to list all spells.
The spell is quite dangerous to miscast (4% risk of failure)!
Continue anyway?
Aiming: Tukima's Dance (quite dangerous; 4% risk of failure)
Press: ? - help, Shift-Dir - straight line, f/p - sickly merfolk siren
Aim: a sickly merfolk siren, wielding a +0 spear (water, chance to affect: 21%)
The sickly merfolk siren resists with almost no effort.
The sickly merfolk siren hits you from afar with a +0 spear!
The rat closely misses you.
You enter the shallow water.
Moving in this stuff is going to be slow.
The quokka twitches its whiskers.
The sickly merfolk siren hits you with a +0 spear!!
Ouch! That really hurt!
You die...

#### ##≈.##
###≈≈≈.#####
#∩∩≈≈≈≈.....
############
##########≈≈≈≈≈≈≈≈≈ $
#≈≈≈≈≈≈†≈≈≈≈≈≈≈..≈.
..
###m@≈#############†.
###r###≈≈≈#†# ###
S≈≈≈≈≈≈rr##r#
≈≈≈≈≈...r†Br#
≈r≈...#######


Brr.. ...# ## You could see a sickly merfolk siren, a quokka and 4 rats.

Vanquished Creatures
  A water moccasin skeleton (D:4)
  Jessica (D:3)
  An iguana (D:4)
  Natasha (thrice) (D:3)
  4 gnolls
  5 adders
  A river rat (Sewer)
  2 worms
  An orc (D:2)
  4 bats
  3 endoplasms
  9 giant cockroaches
  3 goblins
  4 hobgoblins (D:1)
  2 jackals (D:2)
  7 kobolds
  3 quokkas
  12 ball pythons
  A frilled lizard (D:3)
  14 rats
81 creatures vanquished.

Vanquished Creatures (others)
  3 dancing weapons (D:4)
3 creatures vanquished.

Grand Total: 84 creatures vanquished

Notes
Turn   | Place    | Note
-------+----------+-------------------------------------------
     0 | D:1      | LustLizard the Spriggan Enchanter began the quest for the
                  | Orb.
     0 | D:1      | Reached XP level 1. HP: 9/9 MP: 5/5
   343 | D:1      | Reached XP level 2. HP: 12/13 MP: 7/7
  1405 | D:2      | Reached skill level 5 in Stealth
  1662 | D:2      | Reached XP level 3. HP: 16/16 MP: 8/8
  1786 | D:1      | Learned a level 2 spell: Ensorcelled Hibernation
  3055 | D:2      | Reached XP level 4. HP: 21/21 MP: 3/10
  3595 | D:3      | Noticed Grinder
  3595 | D:3      | Noticed Natasha
  3628 | D:3      | Killed Natasha
  3636 | D:3      | Learned a level 3 spell: Tukima's Dance
  3672 | D:3      | Noticed Jessica
  3684 | D:3      | Killed Jessica
  3685 | D:3      | Reached skill level 6 in Stealth
  3685 | D:3      | Reached XP level 5. HP: 22/24 MP: 9/12
  3745 | D:3      | Found a shadowy altar of Dithmenos.
  3745 | D:3      | Found a hazy altar of Hepliaklqana.
  3747 | D:3      | Noticed a shadow
  3760 | D:3      | Became a worshipper of Dithmenos the Shadowed
  4049 | D:3      | Noticed Natasha
  4059 | D:3      | Killed Natasha
  4060 | D:3      | Reached skill level 5 in Hexes
  4258 | D:3      | Paralysed by Grinder for 5 turns
  4563 | D:3      | Noticed Natasha
  4571 | D:3      | Killed Natasha
  4641 | D:4      | Found Weful's Weapon Shoppe.
  4714 | D:4      | Found an ornate altar of the Wu Jian Council.
  4874 | D:4      | Reached XP level 6. HP: 28/28 MP: 9/14
  5170 | D:4      | Reached skill level 5 in Spellcasting
  5178 | D:4      | Found a glowing drain.
  5195 | Sewer    | Entered a sewer
  5503 | Sewer    | Slain by a sickly merfolk siren

Illustrated notes

Levels and vault maps discovered:
D:1:      beargit_arrival_diablo_church, layout_loops_ring, minmay_pentomino_o2
D:2:      layout_basic
D:3:      layout_rooms, riverfiend_overflow_shadow_ancestor, uniq_jessica,
          uniq_grinder, uniq_natasha
D:4:      layout_loops_ring, pdpol_wu_jian_five_deadly_venoms,
          gup_sewer_entry_pipe, nicolae_stop_n_shop_1, st_stairs_5,
          minmay_quantized, uniq_menkaure
Sewer:    sewer_sea

Skill      XL: |  1  2  3  4  5  6 |
---------------+-------------------+-----
Spellcasting   | 3 4 5 |  5.0
Hexes          | 4 5 |  5.5
Stealth        | 5 6 |  6.9
Short Blades   | 2 |  2.6
Dodging        | |  2.6

Action                   |  1- 3 |  4- 6 || total
-------------------------+-------+-------++-------
Melee: Dagger            |    93 |    87 ||   180
Throw: Stone             |    29 |     5 ||    34
       Dart              |       |     5 ||     5
 Cast: Ensorcelled Hiber |    23 |    43 ||    66
       Tukima's Dance    |       |     4 ||     4
  Use: Scroll            |       |     1 ||     1
 Stab: Sleeping          |    18 |    32 ||    50
       Distracted        |     1 |       ||     1
Armor: Robe              |     8 |     2 ||    10
Dodge: Dodged            |    60 |    56 ||   116
